TOP OF THE 1ST |
Cincinnati Pride batting - Pitching for Barry's Bay Orioles : RHP Tim Osborne
|
Pitching: RHP Tim Osborne
|
|
Batting: SHB Jaime Martínez
|
0-0: Called Strike 0-1: Called Strike 0-2: Ball 1-2: Foul Ball, location: 2F 1-2: Strikes out swinging
|
Batting: RHB Jorge Flores
|
0-0: Called Strike 0-1: Ball 1-1: Ball 2-1: Foul Ball, location: 2F 2-2: Ball 3-2: Strikes out swinging
|
Batting: LHB Gabriel Aragón
|
0-0: Ball 1-0: Called Strike 1-1: Foul Ball, location: 2F 1-2: Foul Ball, location: 2F 1-2: Fly out, F7 (Flyball, 7)
|
Top of the 1st over - 0 run(s), 0 hit(s), 0 error(s), 0 left on base; Cincinnati 0 - Barry's Bay 0 |
BOTTOM OF THE 1ST |
Barry's Bay Orioles batting - Pitching for Cincinnati Pride : RHP Bart Brown
|
Pitching: RHP Bart Brown
|
|
Batting: LHB Ryan Rheaume
|
0-0: Called Strike 0-1: Foul Ball, location: 2F 0-2: Ball 1-2: Fly out, F9 (Flyball, 89M)
|
Batting: SHB Terry Christian
|
0-0: Foul Ball, location: 2F 0-1: Ball 1-1: Ball 2-1: Swinging Strike 2-2: Foul Ball, location: 2F 2-2: Ball 3-2: Ground out 6-3 (Groundball, 6)
|
Batting: RHB Tomás Díaz
|
0-0: Ball 1-0: Swinging Strike 1-1: Ground out 6-3 (Groundball, 6MS)
|
Bottom of the 1st over - 0 run(s), 0 hit(s), 0 error(s), 0 left on base; Cincinnati 0 - Barry's Bay 0 |
TOP OF THE 2ND |
Cincinnati Pride batting - Pitching for Barry's Bay Orioles : RHP Tim Osborne
|
Batting: RHB Tony Long
|
0-0: Called Strike 0-1: Foul Ball, location: 2F 0-2: Fly out, F7 (Flyball, 7S)
|
Batting: LHB John Clark
|
0-0: Ball 1-0: Called Strike 1-1: Foul Ball, location: 2F 1-2: Strikes out looking
|
Batting: LHB Wes Thompson
|
0-0: Ball 1-0: Foul Ball, location: 2F 1-1: Swinging Strike 1-2: Ball 2-2: Strikes out swinging
|
Top of the 2nd over - 0 run(s), 0 hit(s), 0 error(s), 0 left on base; Cincinnati 0 - Barry's Bay 0 |
BOTTOM OF THE 2ND |
Barry's Bay Orioles batting - Pitching for Cincinnati Pride : RHP Bart Brown
|
Batting: SHB Emílio Calvillo
|
0-0: Called Strike 0-1: Swinging Strike 0-2: Ball 1-2: Ball 2-2: Ball 3-2: Strikes out swinging
|
Batting: RHB Guy Morrison
|
0-0: Called Strike 0-1: SINGLE (Groundball, 6MD)
|
Batting: RHB Bill Pike
|
0-0: Ball 1-0: Ball 2-0: Ball 3-0: Base on Balls Guy Morrison to second
|
Batting: LHB Will Elliott
|
0-0: Foul Ball, location: 2F 0-1: Ball 1-1: SINGLE (Groundball, 56D) Guy Morrison to third Bill Pike to second Runner from 3rd tries for Home, SAFE, throw made home Bill Pike to third Will Elliott to second
|
Batting: LHB Rodney Harrison
|
0-0: Ball 1-0: Foul Ball, location: 2F 1-1: SINGLE (Line Drive, 8RS) Bill Pike scores Will Elliott to third Runner from 3rd tries for Home, SAFE, no throw
|
Batting: RHB Jake Erickson
|
0-0: Ball 1-0: Called Strike 1-1: Foul Ball, location: 2F 1-2: Ball 2-2: Foul Ball, location: 2F 2-2: Strikes out looking
|
Batting: LHB Ryan Rheaume
|
0-0: Ball 1-0: Foul Ball, location: 2F 1-1: Called Strike 1-2: Ball 2-2: Strikes out looking
|
Bottom of the 2nd over - 3 run(s), 3 hit(s), 0 error(s), 1 left on base; Cincinnati 0 - Barry's Bay 3 |
TOP OF THE 3RD |
Cincinnati Pride batting - Pitching for Barry's Bay Orioles : RHP Tim Osborne
|
Batting: RHB Stan Simpson
|
0-0: Called Strike 0-1: DOUBLE (Line Drive, 78M)
|
Batting: RHB Pete Woods
|
0-0: Called Strike 0-1: Foul Ball, location: 2F 0-2: Strikes out looking
|
Batting: RHB Dave Crawford
|
0-0: Ball 1-0: Ground out 6-3 (Groundball, 56)
|
Batting: SHB Jaime Martínez
|
0-0: Swinging Strike 0-1: Swinging Strike 0-2: Foul Ball, location: 2F 0-2: Ball 1-2: Ball 2-2: Ground out U3 (Groundball, 3L)
|
Top of the 3rd over - 0 run(s), 1 hit(s), 0 error(s), 1 left on base; Cincinnati 0 - Barry's Bay 3 |
BOTTOM OF THE 3RD |
Barry's Bay Orioles batting - Pitching for Cincinnati Pride : RHP Bart Brown
|
Batting: SHB Terry Christian
|
0-0: Ball 1-0: Foul Ball, location: 2F 1-1: Ball 2-1: Swinging Strike 2-2: Fly out, F8 (Flyball, 89M)
|
Batting: RHB Tomás Díaz
|
0-0: Called Strike 0-1: Foul Ball, location: 2F 0-2: Ball 1-2: Strikes out looking
|
Batting: SHB Emílio Calvillo
|
0-0: Fly out, F9 (Flyball, 9S)
|
Bottom of the 3rd over - 0 run(s), 0 hit(s), 0 error(s), 0 left on base; Cincinnati 0 - Barry's Bay 3 |
TOP OF THE 4TH |
Cincinnati Pride batting - Pitching for Barry's Bay Orioles : RHP Tim Osborne
|
Batting: RHB Jorge Flores
|
0-0: Swinging Strike 0-1: Ball 1-1: Foul Ball, location: 2F 1-2: Ball 2-2: Foul Ball, location: 2F 2-2: Foul Ball, location: 2F 2-2: Foul Ball, location: 2F 2-2: Strikes out swinging
|
Batting: LHB Gabriel Aragón
|
0-0: Ball 1-0: Fly out, F8 (Flyball, 8LM)
|
Batting: RHB Tony Long
|
0-0: Ball 1-0: Ground out 6-3 (Groundball, 6S)
|
Top of the 4th over - 0 run(s), 0 hit(s), 0 error(s), 0 left on base; Cincinnati 0 - Barry's Bay 3 |
BOTTOM OF THE 4TH |
Barry's Bay Orioles batting - Pitching for Cincinnati Pride : RHP Bart Brown
|
Batting: RHB Guy Morrison
|
0-0: Called Strike 0-1: Fly out, F9 (Flyball, 9LS)
|
Batting: RHB Bill Pike
|
0-0: SINGLE (Groundball, 6) (infield hit)
|
Batting: LHB Will Elliott
|
0-0: Called Strike Bill Pike is caught stealing 2nd base 0-1: Ball 1-1: Foul Ball, location: 2F 1-2: Ball 2-2: Ball 3-2: Foul Ball, location: 2F 3-2: Fly out, F4 (Popup, 34)
|
Bottom of the 4th over - 0 run(s), 1 hit(s), 0 error(s), 0 left on base; Cincinnati 0 - Barry's Bay 3 |
TOP OF THE 5TH |
Cincinnati Pride batting - Pitching for Barry's Bay Orioles : RHP Tim Osborne
|
Batting: LHB John Clark
|
0-0: Ball 1-0: DOUBLE (Line Drive, 78XD)
|
Batting: LHB Wes Thompson
|
0-0: Ball 1-0: Fly out, F8 (Flyball, 8RM)
|
Batting: RHB Stan Simpson
|
0-0: Ball 1-0: SINGLE (Line Drive, 4D) John Clark to third
|
Batting: RHB Pete Woods
|
0-0: Swinging Strike 0-1: Fly out, F8 (Flyball, 78M) Runner from 3rd tags up, OUT at HOME
|
Top of the 5th over - 0 run(s), 2 hit(s), 0 error(s), 1 left on base; Cincinnati 0 - Barry's Bay 3 |
BOTTOM OF THE 5TH |
Barry's Bay Orioles batting - Pitching for Cincinnati Pride : RHP Bart Brown
|
Batting: LHB Rodney Harrison
|
0-0: Called Strike 0-1: Foul Ball, location: 2F 0-2: Foul Ball, location: 2F 0-2: Strikes out looking
|
Batting: RHB Jake Erickson
|
0-0: Called Strike
|
|
|
|
0-1: SINGLE (Line Drive, 6)
|
Pitching: RHP Sam Mathis
|
|
Batting: LHB Ryan Rheaume
|
0-0: Ground out 4-3 (Groundball, 34) Jake Erickson to second
|
Batting: SHB Terry Christian
|
0-0: Ball 1-0: Swinging Strike 1-1: Called Strike 1-2: Strikes out swinging
|
Bottom of the 5th over - 0 run(s), 1 hit(s), 0 error(s), 1 left on base; Cincinnati 0 - Barry's Bay 3 |
TOP OF THE 6TH |
Cincinnati Pride batting - Pitching for Barry's Bay Orioles : RHP Tim Osborne
|
Pitching: LHP Roberto Galaz
|
|
Batting: RHB Dave Crawford
|
0-0: Ground out 6-3 (Groundball, 6)
|
Batting: SHB Jaime Martínez
|
0-0: Ball 1-0: Ball 2-0: Foul Ball, location: 2F 2-1: Swinging Strike 2-2: Strikes out swinging
|
Batting: RHB Jorge Flores
|
0-0: Foul Ball, location: 2F 0-1: Called Strike 0-2: Ball 1-2: SINGLE (Flyball, 7S)
|
Batting: LHB Gabriel Aragón
|
0-0: SINGLE (Flyball, 89S) Jorge Flores to second Runner from 2nd tries for 3rd, SAFE, no throw
|
Batting: RHB Tony Long
|
0-0: Ball 1-0: Called Strike 1-1: Foul Ball, location: 2F 1-2: Foul Ball, location: 2F 1-2: Strikes out swinging
|
Top of the 6th over - 0 run(s), 2 hit(s), 0 error(s), 2 left on base; Cincinnati 0 - Barry's Bay 3 |
BOTTOM OF THE 6TH |
Barry's Bay Orioles batting - Pitching for Cincinnati Pride : RHP Sam Mathis
|
Batting: RHB Tomás Díaz
|
0-0: Ball 1-0: Ball 2-0: Called Strike 2-1: Foul Ball, location: 2F 2-2: Fly out, F7 (Flyball, 78D)
|
Batting: SHB Emílio Calvillo
|
0-0: Swinging Strike 0-1: Ball 1-1: Foul Ball, location: 2F 1-2: Ball 2-2: Strikes out swinging
|
Batting: RHB Guy Morrison
|
0-0: Called Strike 0-1: Ground out 6-3 (Groundball, 6)
|
Bottom of the 6th over - 0 run(s), 0 hit(s), 0 error(s), 0 left on base; Cincinnati 0 - Barry's Bay 3 |
TOP OF THE 7TH |
Cincinnati Pride batting - Pitching for Barry's Bay Orioles : LHP Roberto Galaz
|
Batting: LHB John Clark
|
0-0: Called Strike 0-1: Swinging Strike 0-2: Ground out 3-1 (Groundball, 23)
|
Batting: LHB Wes Thompson
|
0-0: Ball 1-0: Ball 2-0: Ball 3-0: Called Strike 3-1: Called Strike 3-2: Fly out, F4 (Popup, 34D)
|
Batting: RHB Stan Simpson
|
0-0: Called Strike 0-1: Swinging Strike 0-2: Strikes out swinging
|
Top of the 7th over - 0 run(s), 0 hit(s), 0 error(s), 0 left on base; Cincinnati 0 - Barry's Bay 3 |
BOTTOM OF THE 7TH |
Barry's Bay Orioles batting - Pitching for Cincinnati Pride : RHP Sam Mathis
|
Batting: RHB Bill Pike
|
0-0: Ball 1-0: Swinging Strike 1-1: Swinging Strike 1-2: Foul Ball, location: 2F 1-2: Ball 2-2: Strikes out swinging
|
Batting: LHB Will Elliott
|
0-0: Ball 1-0: Called Strike 1-1: Called Strike 1-2: Foul Ball, location: 2F 1-2: Foul Ball, location: 2F 1-2: Strikes out swinging
|
Batting: LHB Rodney Harrison
|
0-0: Swinging Strike 0-1: Ball 1-1: Foul Ball, location: 2F 1-2: Strikes out swinging wild pitch, reaches first!
|
Batting: RHB Jake Erickson
|
0-0: Foul Ball, location: 2F 0-1: Swinging Strike 0-2: Foul Ball, location: 2F 0-2: Foul Ball, location: 2F 0-2: Strikes out swinging
|
Bottom of the 7th over - 0 run(s), 0 hit(s), 0 error(s), 1 left on base; Cincinnati 0 - Barry's Bay 3 |
TOP OF THE 8TH |
Cincinnati Pride batting - Pitching for Barry's Bay Orioles : LHP Roberto Galaz
|
Batting: RHB Pete Woods
|
0-0: Called Strike 0-1: DOUBLE (Flyball, 89M)
|
Pitching: RHP Félix González
|
|
Batting: RHB Dave Crawford
|
0-0: Ball 1-0: Called Strike 1-1: Ball 2-1: Foul Ball, location: 2F 2-2: Ball 3-2: Base on Balls
|
Batting: SHB Jaime Martínez
|
0-0: Ball 1-0: Called Strike 1-1: Foul Ball, location: 2F 1-2: Foul Ball, location: 2F 1-2: Ball 2-2: Strikes out swinging
|
Batting: RHB Jorge Flores
|
0-0: Ball 1-0: SINGLE (Groundball, 56S) (infield hit) Pete Woods to third Dave Crawford to second
|
Batting: LHB Gabriel Aragón
|
0-0: Foul Ball, location: 2F 0-1: Ball 1-1: Foul Ball, location: 2F 1-2: Strikes out swinging
|
Batting: RHB Tony Long
|
0-0: Called Strike 0-1: Ball 1-1: Ball 2-1: SINGLE (Line Drive, 56D) Pete Woods scores Dave Crawford to third Jorge Flores to second Runner from 3rd tries for Home, SAFE, no throw
|
Batting: LHB John Clark
|
0-0: DOUBLE (Groundball, 5L) Jorge Flores scores Tony Long to third Runner from 3rd tries for Home, SAFE, no throw
|
Pitching: RHP Rosendo Alonso
|
|
Batting: LHB Wes Thompson
|
0-0: SINGLE (Groundball, 6MD) John Clark to third Runner from 3rd tries for Home, SAFE, no throw
|
Batting: RHB Stan Simpson
|
0-0: Ball 1-0: Ball 2-0: Foul Ball, location: 2F 2-1: Called Strike 2-2: Foul Ball, location: 2F 2-2: Foul Ball, location: 2F 2-2: Ball 3-2: Ground out 6-3 (Groundball, 6)
|
Top of the 8th over - 5 run(s), 5 hit(s), 0 error(s), 1 left on base; Cincinnati 5 - Barry's Bay 3 |
BOTTOM OF THE 8TH |
Barry's Bay Orioles batting - Pitching for Cincinnati Pride : RHP Sam Mathis
|
Batting: LHB Ryan Rheaume
|
0-0: Called Strike 0-1: Swinging Strike 0-2: Foul Ball, location: 2F 0-2: Ball 1-2: Strikes out swinging
|
Batting: SHB Terry Christian
|
0-0: Ball 1-0: Called Strike 1-1: Ball 2-1: Foul Ball, location: 2F 2-2: Ball 3-2: Base on Balls
|
Pitching: LHP José Reyes
|
|
Batting: RHB Tomás Díaz
|
0-0: Ball 1-0: Foul Ball, location: 2F 1-1: Ball 2-1: Ball 3-1: Base on Balls Terry Christian to second
|
Pitching: LHP Vicente López
|
|
Batting: SHB Emílio Calvillo
|
0-0: Ball 1-0: Swinging Strike 1-1: Ball 2-1: Called Strike 2-2: Strikes out swinging
|
Batting: RHB Guy Morrison
|
0-0: Ball 1-0: Fly out, F7 (Flyball, 7S)
|
Bottom of the 8th over - 0 run(s), 0 hit(s), 0 error(s), 2 left on base; Cincinnati 5 - Barry's Bay 3 |
TOP OF THE 9TH |
Cincinnati Pride batting - Pitching for Barry's Bay Orioles : RHP Rosendo Alonso
|
Batting: RHB Pete Woods
|
0-0: Ground out 6-3 (Groundball, 6)
|
Batting: RHB Dave Crawford
|
0-0: Foul Ball, location: 2F 0-1: Ball 1-1: Called Strike 1-2: Ball 2-2: Foul Ball, location: 2F 2-2: Ball 3-2: Strikes out looking
|
Batting: SHB Jaime Martínez
|
0-0: Ball 1-0: Reached on error, E3 (Groundball, 34)
|
Batting: RHB Jorge Flores
|
0-0: Called Strike Jaime Martínez steals 2nd base 0-1: Ball 1-1: SINGLE (Groundball, 56D) Jaime Martínez to third Runner from 3rd tries for Home, SAFE, no throw
|
Batting: LHB Gabriel Aragón
|
0-0: Foul Ball, location: 2F 0-1: Swinging Strike 0-2: Ball 1-2: Ball 2-2: Fly out, F8 (Flyball, 8RD)
|
Top of the 9th over - 1 run(s), 1 hit(s), 1 error(s), 1 left on base; Cincinnati 6 - Barry's Bay 3 |
BOTTOM OF THE 9TH |
Barry's Bay Orioles batting - Pitching for Cincinnati Pride : LHP Vicente López
|
Pitching: RHP Lyle Scalise
|
|
Batting: RHB Bill Pike
|
0-0: Ball 1-0: Ball 2-0: Bunt - Flyout! F1
|
Batting: LHB Will Elliott
|
0-0: Foul Ball, location: 2F 0-1: Swinging Strike 0-2: Ball 1-2: Strikes out looking
|
Batting: LHB Rodney Harrison
|
0-0: Fly out, F8 (Flyball, 8LM)
|
Bottom of the 9th over - 0 run(s), 0 hit(s), 0 error(s), 0 left on base; Cincinnati 6 - Barry's Bay 3 |
|
Thursday, March 30th, 2017 - OOTP Baseball 17.12 Build 75
|
|